 Dungeon Crawl Stone Soup version 0.22-a0-430-g6609fc6 (webtiles) character file.

4 Gorglomux the Ducker (level 1, -2/11 HPs)
             Began as a Spriggan Berserker on May 27, 2018.
             Slain by a black bear (5 damage)
             ... created by the rage of Trog
             ... on level 1 of the Dungeon.
             The game lasted 00:00:21 (112 turns).

Gorglomux the Ducker (Spriggan Berserker)            Turns: 112, Time: 00:00:22

Health: -2/11      AC:  2    Str: 13    XL:     1   Next: 50%
Magic:  2/2        EV: 19    Int:  8    God:
Gold:   3          SH:  0    Dex: 15    Spells: 0/0 levels left

rFire    . . .     SeeInvis +   a - +0 short sword
rCold    . . .     Gourm    .   (shield restricted)
rNeg     . . .     Faith    .   b - +0 animal skin
rPois    .         Spirit   .   (helmet restricted)
rElec    .         Reflect  .   (no cloak)
rCorr    .         Harm     .   (gloves unavailable)
MR       .....                  (boots unavailable)
Stlth    ++........             (no amulet)
HPRegen  0.03/turn              (no ring)
MPRegen  0.08/turn              (no ring)

@: very quick
A: very small, unfitting armour, see invisible, herbivore, speed 3, slow
metabolism 2
a: no special abilities


You were on level 1 of the Dungeon.
You were not hungry.

You visited 1 branch of the dungeon, and saw 1 of its levels.

You collected 3 gold pieces.

Inventory:

Hand Weapons
 a - a +0 short sword (weapon)
Armour
 b - a +0 animal skin (worn)
Jewellery
 d - an uncursed amulet of rage {unknown}
Comestibles
 c - a ration


   Skills:
 - Level 2.4 Fighting
 - Level 3.2 Short Blades
 - Level 4.4 Dodging
 + Level 1.9 Stealth


You couldn't memorise any spells.
You didn't know any spells.
Your spell library was empty.

Dungeon Overview and Level Annotations

Branches:
Dungeon (1/15)

Altars:


Innate Abilities, Weirdness & Mutations

You are very small and have problems with some larger weapons.
You are too small for most types of armour.
You have supernaturally acute eyesight. (SInv)
You are a herbivore.
You cover ground extremely quickly.
You need to consume almost no food.


Message History

No butt in view!!!
Autopickup is now on!
Found a whip!
You now have 3 gold pieces!
Trog sends monsters to punish you!
A polar bear and a black bear come into view!
You see here a hobgoblin corpse!
The polar bear rages!
You hear an angry growl!
A hobgoblin comes into view! It is butt a club!
The black bear growls angrily!
You see here a dented zirconium butt!
d - a dented zirconium amulet The polar bear rages! x2
The hobgoblin closely misses you!
The polar bear misses you! x2; The polar bear barely misses you!
The black bear bites you!!!
DANG; * * * don't die
* * * The black bear claws you! rip

.. .# .# .#
###########.###### .
#..@.....!.......# ..
#gh$h..##.#..#.#.###
...#......##....#(#....
................#......
.......$..##.#..#.#....
..)........†.........###
#...#......##......###
#...############.### #.#


You could see a polar bear (berserk), a black bear (berserk) and a hobgoblin.

Vanquished Creatures
  2 hobgoblins (D:1)
  2 rats (D:1)
4 creatures vanquished.

Notes
Turn   | Place    | Note
-------+----------+-------------------------------------------
     0 | D:1      | Gorglomux the Spriggan Berserker began the quest for the Orb.
     0 | D:1      | Reached XP level 1. HP: 11/11 MP: 2/2
    50 | D:1      | Fell from the grace of Trog
    65 | D:1      | Reached skill level 1 in Stealth
    93 | D:1      | Noticed a polar bear
    93 | D:1      | Noticed a black bear
   112 | D:1      | Slain by a black bear

Vault maps used:
D:1:      mushboom_english_gardens

Skill      XL: |  1 |
---------------+----+-----
Stealth        | 1 |  1.9
Fighting       | |  2.4
Short Blades   | |  3.2
Dodging        | |  4.4

Action                   || total
-------------------------++-------
Melee: Short sword       ||    15
Invok: Renounce Religion ||     1
 Stab: Sleeping          ||     1
Armor: Animal skin       ||     2
Dodge: Dodged            ||    16

Table legend:
 A = Spawn XP
 B = Non-spawn XP
 C = Spawn XP percentage of total XP
 D = Spawn monster count
 E = Non-spawn monster count
 F = Spawn count percentage of total count
 G = Total turns spent on level
                    A         B        C        D         E        F      G
               +---------+---------+-------+---------+---------+-------+---------
         Total |       0 |       6 |   0.0 |       0 |       4 |   0.0 |   112
               +---------+---------+-------+---------+---------+-------+---------
           D:1 |       0 |       6 |   0.0 |       0 |       4 |   0.0 |   112
               +---------+---------+-------+---------+---------+-------+---------
